 Dungeon Crawl Stone Soup version 0.18.1-1-g2f07953 (webtiles) character file.

117 protoss039 the Chopper (level 4, -1/41 HPs)
             Began as a Minotaur Berserker on May 6, 2016.
             Was a Believer of Trog.
             Killed by nerve-wracking pain
             ... invoked by Grinder
              (11 damage)
             ... while paralysed by Grinder
             ... on level 3 of the Dungeon.
             The game lasted 00:12:17 (1887 turns).

protoss039 the Chopper (Minotaur Berserker)         Turns: 1887, Time: 00:12:19

Health: -1/41      AC:  6    Str: 23    XL:     4   Next: 71%
Magic:  3/3        EV:  2    Int:  4    God:    Trog [**....]
Gold:   49         SH:  0    Dex:  9    Spells: 0 memorised, 3 levels left

rFire  . . .     SeeInvis .     a - +1 hand axe
rCold  . . .     Gourm    .     h - +0 ring mail (curse)
rNeg   . . .     Faith    .     (no shield)
rPois  .         Spirit   .     (helmet restricted)
rElec  .         Dismiss  .     (no cloak)
rCorr  .         Reflect  .     (no gloves)
SustAt .         Harm     .     g - +0 pair of boots (curse)
MR     .....                    (no amulet)
Stlth  ..........               (no ring)
                                (no ring)

@: paralysed, not resistant to hostile enchantments, extremely unstealthy
A: retaliatory headbutt, horns 2
a: Berserk, Trog's Hand, Burn Spellbooks, Renounce Religion


You were on level 3 of the Dungeon.
You worshipped Trog.
Trog was pleased with you.
You were not hungry.

You visited 1 branch of the dungeon, and saw 3 of its levels.

You collected 49 gold pieces.

Inventory:

Hand Weapons
 a - a +1 hand axe (weapon)
Armour
 b - a +0 animal skin
 c - a +0 robe
 g - a cursed +0 pair of boots (worn)
 h - a cursed +0 ring mail (worn)
Magical Staves
 k - an uncursed staff of poison {unknown}
Scrolls
 d - a scroll of teleportation
 j - a scroll of amnesia
Potions
 e - a potion of lignification
 f - 2 potions of curing
Comestibles
 i - a meat ration
 l - 2 chunks of flesh


   Skills:
 + Level 4.4 Fighting
 + Level 5.1 Axes
 + Level 2.8 Armour
 + Level 3.2 Dodging
 + Level 0.3 Stealth


You had 3 spell levels left.
You didn't know any spells.

Dungeon Overview and Level Annotations

Branches:
Dungeon (3/15)

Altars:
Ashenzari
Qazlal
The Shining One

Annotations:
D:3 Grinder


Innate Abilities, Weirdness & Mutations

You reflexively headbutt those who attack you in melee.
You have a pair of horns on your head.


Message History

You hit the hobgoblin but do no damage.
The hobgoblin is heavily wounded.
The hobgoblin hits you but does no damage.
Grinder gestures at you.
You suddenly lose the ability to move!
The hobgoblin hits you. Grinder gestures at you. Pain shoots through your body!
The hobgoblin hits you but does no damage.
Grinder hits you but does no damage.
The hobgoblin hits you but does no damage.
Grinder hits you but does no damage.
The hobgoblin hits you but does no damage.
Grinder hits you.
You writhe in agony.
The hobgoblin barely misses you. Grinder hits you!
You writhe in agony.
* * * LOW HITPOINT WARNING * * *
The hobgoblin hits you but does no damage.
Grinder gestures at you. Pain shoots through your body!
You die...

###.........######..........
............# #..#.###....
............#####.##.## ##.
......>......##...#....
...#............#...#.#
...........#..#...###..
.........#......#######.
....#..<.........#......
..###..#.#.#.##รท@....... ..
#..#.....##)g5......
.......#.....#.......
###...........##......
#............ ......
.....<....... ...(.. ...
......... ...... ......#..
.....


You could see Grinder and a hobgoblin.

Vanquished Creatures
  5 adders
  An ooze (D:2)
  3 worms
  A dart slug (D:2)
  A giant gecko (D:2)
  An orc (D:3)
  5 bats
  4 giant cockroaches
  8 goblins
  7 hobgoblins
  2 jackals (D:2)
  3 quokkas
  5 giant newts
  6 kobolds
  4 rats
56 creatures vanquished.

Notes
Turn   | Place    | Note
--------------------------------------------------------------
     0 | D:1      | protoss039 the Minotaur Berserker began the quest for the Orb.
     0 | D:1      | Reached XP level 1. HP: 19/19 MP: 0/0
   189 | D:1      | Reached XP level 2. HP: 27/27 MP: 1/1
   392 | D:1      | Reached skill level 4 in Axes
   546 | D:2      | Reached ** piety under Trog
   713 | D:2      | Reached XP level 3. HP: 28/33 MP: 2/2
   968 | D:2      | Found a stormy altar of Qazlal.
  1253 | D:2      | Found a shattered altar of Ashenzari.
  1317 | D:2      | Reached XP level 4. HP: 34/41 MP: 3/3
  1560 | D:3      | Found a faded altar to an unknown god.
  1740 | D:3      | Found a glowing golden altar of the Shining One.
  1818 | D:3      | Reached skill level 5 in Axes
  1867 | D:3      | Noticed Grinder
  1881 | D:3      | Paralysed by Grinder for 7 turns
  1887 | D:3      | Killed from afar by Grinder

Skill      XL: |  1  2  3  4 |
---------------+-------------+-----
Fighting       | 4 |  4.4
Axes           | 4 5 |  5.1
Dodging        | 3 |  3.2
Armour         | |  2.8
Stealth        | |  0.3

Action                   |  1- 3 |  4- 6 || total
-------------------------+-------+-------++-------
Melee: Hand axe          |    76 |    31 ||   107
       Headbutt          |    13 |     4 ||    17
  Use: Potion            |     2 |       ||     2
       Scroll            |     3 |     3 ||     6
  Eat: Bread ration      |     1 |       ||     1
Armor: Animal skin       |     9 |       ||     9
       Ring mail         |     3 |    18 ||    21
Dodge: Dodged            |    48 |    12 ||    60
